 Dungeon Sprint DCSS version 0.27-a0-1228-gfd60fd639a (webtiles) character file.

Game seed: 11047586417251614515

334 night the Grappler (level 6, -6/53 HPs)
             Began as a Troll Venom Mage on June 7, 2021.
             Was an Initiate of Gozag.
             Mangled by a yak (14 damage)
             ... in the Dungeon (Sprint IX: "|||||||||||||||||||||||||||||").
             The game lasted 00:01:46 (199 turns).

night the Grappler (Troll Venom Mage)                Turns: 199, Time: 00:01:47

Health: -6/53      AC:  5    Str: 17    XL:     6   Next: 27%
Magic:  0/11       EV:  9    Int: 19    God:    Gozag
Gold:   0          SH:  0    Dex: 10    Spells: 5/13 levels left

rFire    . . .     SeeInvis .     - Unarmed
rCold    . . .     Faith    .   (no shield)
rNeg     . . .     Spirit   .   a - +0 robe
rPois    .         Reflect  .   (helmet restricted)
rElec    .         Harm     .   k - +0 cloak
rCorr    .         Rampage  .   (gloves unavailable)
Will     .....     NoTele   +   (boots unavailable)
Stlth    +.........             (no amulet)
HPRegen  1.17/turn              l - +3 ring of intelligence
MPRegen  0.12/turn              m - +3 ring of intelligence

@: radiating poison, on berserk cooldown, very slightly contaminated, slowed,
very slow
A: large, unfitting armour, claws 3, regeneration 1, shaggy fur 1, tough skin 1
a: Renounce Religion, Potion Petition, Call Merchant, Bribe Branch


You were in the Dungeon.
You worshipped Gozag.
Gozag was noncommittal.
You visited 1 branch

Inventory:

Armour
 a - a +0 robe (worn)
 k - a +0 cloak (worn)
Jewellery
 l - a +3 ring of intelligence (left claw)
 m - a +3 ring of intelligence (right claw)
Wands
 j - a wand of acid (10)
Scrolls
 h - 2 scrolls of blinking
 i - 2 scrolls of amnesia
Potions
 b - a potion of invisibility
 c - 5 potions of curing
 d - 2 potions of heal wounds
 e - a potion of haste
 f - 4 potions of magic


   Skills:
 - Level 1.5 Dodging
 - Level 1.0 Stealth
 * Level 9.4 Unarmed Combat
 + Level 4.4 Spellcasting
 - Level 0.6 Transmutations
 + Level 5.5 Poison Magic


You had 5 spell levels left.
You knew the following spells:

 Your Spells              Type           Power      Damage    Failure   Level
a - Sting                 Tmut/Pois      60%        1d6       3%          1
b - Mephitic Cloud        Conj/Pois/Air  11%        N/A       19%         3
c - Olgreb's Toxic Radia  Pois           25%        N/A       14%         4

Your spell library contained the following spells:

 Spells                   Type           Power      Damage    Failure   Level
 Poisonous Vapours        Pois/Air       28%        N/A       6%          2
 Ignite Poison            Fire/Tmut/Pois 11%        N/A       17%         3


Dungeon Overview and Level Annotations

Branches:
Dungeon (1/1)

Altars:
Cheibriados
Dithmenos
Elyvilon
Fedhas
Gozag
Hepliaklqana
Kikubaaqudgha
Makhleb
Nemelex Xobeh
Okawaru
Qazlal
Ru
Sif Muna
Trog
Uskayaw
Vehumet
Wu Jian
Xom
Yredelemnul
Zin
The Shining One
Beogh
Jiyva
Lugonu


Innate Abilities, Weirdness & Mutations

You are too large for most types of armour.
You have claws for hands.
Your natural rate of healing is unusually fast.
You are covered in fur. (AC +1)
You have tough skin. (AC +1)


Message History

The yak gores you.
There is an open door to the Dungeon, spattered with blood here.
Things that are here:
54 gold pieces; a +0 short sword; a +0 chain mail You claw the yak!
The yak is lightly wounded.
The yak gores you!
You claw the yak!
The yak is moderately wounded.
The adder zombie is distracted by your dazzling golden aura, dreaming of imaginary riches.
You claw the yak!
The yak is severely wounded.
You are no longer berserk.
You are exhausted.
You feel yourself slow down. The yak gores you.
You barely miss the yak.
The yak is severely wounded.
The adder zombie is no longer distracted by gold.
The killer bee is distracted by your dazzling golden aura, dreaming of imaginary riches.
The yak gores you.
Casting: Sting (safe; 3% risk of failure)
Confirm with . or Enter, or press ? or * to list all spells.
The spell is quite dangerous to cast (14% risk of failure)!
Continue anyway?
You miscast Olgreb's Toxic Radiance.
You are very lightly contaminated with residual magic.
Nothing appears to happen.
The killer bee buzzes angrily.
The yak gores you!
Casting: Olgreb's Toxic Radiance (quite dangerous; 14% risk of failure)
Confirm with . or Enter, or press ? or * to list all spells.
The spell is quite dangerous to cast (14% risk of failure)!
Continue anyway?
You begin to radiate toxic energy.
The yak is poisoned.
The killer bee is no longer distracted by gold.
The killer bee is poisoned.
The two-headed ogre is poisoned.
The yak looks even sicker.
The two-headed ogre looks even sicker.
The yak gores you!
* * * LOW HITPOINT WARNING * * *
The yak gores you!
You die...
Your body crumbles into a pile of gold. ▓▓▓▓▓▓▓▓▓▓▓▓▓▓▓▓▓▓▓▓▓▓▓▓ ______'..).[.[..@YOyZ..+ ▓▓▓▓▓▓▓▓▓▓▓▓▓▓▓▓▓▓▓▓▓▓▓▓ $ $ $$$$$ $$$$$ $ $ $ $$$$$

You could see a two-headed ogre (very poisoned), a yak (very poisoned), a killer bee (poisoned) and an adder zombie.

Vanquished Creatures
  A wraith (D)
  An orc warrior (D)
  A scorpion (D)
  An iguana (D)
  A shadow imp (D)
  An orc (D)
  An endoplasm (D)
  2 goblins (D)
  A kobold (D)
  A bat (D)
  A giant cockroach zombie (D)
12 creatures vanquished.

Notes
Turn   | Place    | Note
-------+----------+-------------------------------------------
     0 | D        | night the Troll Venom Mage began the quest for the Orb.
     0 | D        | Reached XP level 1. HP: 16/16 MP: 1/1
     7 | D        | Reached skill level 1 in Unarmed Combat
    14 | D        | Reached skill level 2 in Unarmed Combat
    36 | D        | Noticed an iguana
    36 | D        | Noticed a scorpion
    39 | D        | Reached skill level 3 in Unarmed Combat
    39 | D        | Reached XP level 2. HP: 24/24 MP: 3/3
    40 | D        | HP: 1/24 [iguana (13)]
    52 | D        | Reached skill level 4 in Unarmed Combat
    52 | D        | Reached skill level 2 in Spellcasting
    52 | D        | Reached XP level 3. HP: 24/31 MP: 2/5
    57 | D        | Killed a scorpion
    58 | D        | Reached skill level 6 in Unarmed Combat
    58 | D        | Reached XP level 4. HP: 29/39 MP: 2/7
   118 | D        | Learned a level 3 spell: Mephitic Cloud
   123 | D        | Learned a level 4 spell: Olgreb's Toxic Radiance
   125 | D        | Found a snail-covered altar of Cheibriados.
   125 | D        | Found a shadowy altar of Dithmenos.
   125 | D        | Found a white marble altar of Elyvilon.
   125 | D        | Found a blossoming altar of Fedhas.
   125 | D        | Found an opulent altar of Gozag.
   126 | D        | Found a hazy altar of Hepliaklqana.
   127 | D        | Found a viscous altar of Jiyva.
   128 | D        | Found an ancient bone altar of Kikubaaqudgha.
   129 | D        | Found a corrupted altar of Lugonu.
   130 | D        | Found a burning altar of Makhleb.
   131 | D        | Found a sparkling altar of Nemelex Xobeh.
   132 | D        | Found an iron altar of Okawaru.
   133 | D        | Became a worshipper of Gozag Ym Sagoz the Greedy
   134 | D        | Found a stormy altar of Qazlal.
   135 | D        | Found a sacrificial altar of Ru.
   136 | D        | Found a shimmering blue altar of Sif Muna.
   137 | D        | Found a bloodstained altar of Trog.
   138 | D        | Found a hide-covered altar of Uskayaw.
   139 | D        | Found a radiant altar of Vehumet.
   140 | D        | Found an ornate altar of the Wu Jian Council.
   141 | D        | Found a shimmering altar of Xom.
   142 | D        | Found a basalt altar of Yredelemnul.
   143 | D        | Found a glowing silver altar of Zin.
   144 | D        | Found a glowing golden altar of the Shining One.
   175 | D        | Noticed a wraith
   175 | D        | Noticed an orc warrior
   175 | D        | Noticed a yak
   175 | D        | Noticed a two-headed ogre
   183 | D        | Killed a wraith
   184 | D        | Reached skill level 8 in Unarmed Combat
   184 | D        | Reached skill level 5 in Poison Magic
   184 | D        | Reached XP level 5. HP: 45/45 MP: 7/10
   192 | D        | Killed an orc warrior
   193 | D        | Reached skill level 9 in Unarmed Combat
   193 | D        | Reached XP level 6. HP: 53/53 MP: 7/11
   199 | D        | Mangled by a yak

Illustrated notes

Levels and vault maps discovered:
D:        linesprint [early_d, line_temple, items_1, d_10, items_2, lair_1,
          lair_end, items_3, orc_1, orc_end, items_4, d_15, swamp_1, shoals_1,
          snake_1, spider_1, d_20, vaults_1, items_5, swamp_end, shoals_end,
          snake_end, spider_end, vaults_end, d_27, items_6, zot_1, zot_end,
          crypt_end, forest_end, elf_end, slime_end, tomb_end, abyss_end,
          pan_hell_end]

Skill      XL: |  1  2  3  4  5 |
---------------+----------------+-----
Unarmed Combat | 3 4 6 8 9 |  9.4
Spellcasting   | 2 3 4 |  4.4
Poison Magic   | 3 4 5 |  5.5
Dodging        | |  1.5
Stealth        | |  1.0
Transmutations | |  0.6

Action                   |  1- 3 |  4- 6 || total
-------------------------+-------+-------++-------
Melee: Unarmed           |    20 |    24 ||    44
       Punch             |       |     1 ||     1
 Cast: Sting             |     3 |       ||     3
       Olgreb's Toxic Ra |       |     1 ||     1
  Use: Potion            |     1 |     1 ||     2
Armor: Robe              |     5 |     2 ||     7
Dodge: Dodged            |     7 |     6 ||    13

Table legend: (Time is in decaauts)
 A = Elapsed time spent in this place.
 B = Non-inter-level travel time spent in this place.
 C = Inter-level travel time spent in this place.
 D = Time resting spent in this place.
 E = Time spent auto-exploring this place.
 F = Levels seen in this place.
 G = Mean time per level.
                   A        B        C        D        E       F      G
               +--------+--------+--------+--------+--------+-----+--------+
         Total |    189 |    189 |      0 |     45 |     11 |   1 |  189.0 |
       Dungeon |    189 |    189 |      0 |     45 |     11 |   1 |  189.0 |
               +--------+--------+--------+--------+--------+-----+--------+

Top non-repeatable levels by time:
       D: 189 daAuts
